 Dungeon Crawl Stone Soup version 0.22.1-2-g9c5b331 (webtiles) character file.

1276 video the Covert (level 8, -2/58 HPs)
             Began as a Vampire Enchanter on Nov 22, 2018.
             Was a Believer of Nemelex Xobeh.
             Slain by a soul eater (25 damage)
             ... summoned by the player character
             ... on level 7 of the Dungeon.
             The game lasted 00:43:23 (5820 turns).

video the Covert (Vampire Enchanter)                Turns: 5820, Time: 00:43:24

Health: -2/58      AC:  4    Str:  7    XL:     8   Next: 28%
Magic:  11/13      EV: 14    Int: 17    God:    Nemelex Xobeh [**....]
Gold:   298        SH:  0    Dex: 17    Spells: 4/13 levels left

rFire    . . .     SeeInvis +   a - +2 dagger
rCold    + + .     Gourm    .   (no shield)
rNeg     + + +     Faith    .   v - +2 robe {rN+}
rPois    ∞         Spirit   .   (no helmet)
rElec    .         Reflect  .   (no cloak)
rCorr    .         Harm     .   (no gloves)
MR       .....                  (no boots)
Stlth    ++++++....             (no amulet)
HPRegen  0.00/turn              (no ring)
MPRegen  0.13/turn              (no ring)

@: bloodless, non-regenerating
A: fangs 3, see invisible, unbreathing
a: Bat Form, Renounce Religion


You were on level 7 of the Dungeon.
You worshipped Nemelex Xobeh.
Nemelex Xobeh was pleased with you.
You were bloodless.

You visited 2 branches of the dungeon, and saw 9 of its levels.
You also visited: Sewer.

You collected 298 gold pieces.

Inventory:

Hand Weapons
 a - a +2 dagger (weapon)
 g - a +0 blowgun
Missiles
 f - 18 poisoned needles
Armour
 b - a +2 robe
 s - a +0 robe
 v - a +2 robe of positive energy (worn)
Jewellery
 h - an uncursed amulet of rage {unknown}
 o - an uncursed ring of positive energy {unknown}
 q - an uncursed amulet of faith {unknown}
Wands
 i - a wand of paralysis (15)
 u - a wand of digging (11)
 x - a wand of acid (5)
 z - a wand of polymorph (5)
Scrolls
 c - a scroll of magic mapping {unknown}
 e - 2 scrolls of teleportation
 j - 4 scrolls of fog
 k - 4 scrolls of immolation
 n - a scroll of enchant armour
 p - a scroll of blinking
Potions
 d - 10 potions of blood
 l - a potion of berserk rage
 m - 2 potions of lignification
 r - a potion of might {unknown}
 t - a potion of cancellation
 w - 3 potions of curing
Miscellaneous
 y - a plain deck of escape
 A - an ornate deck of summoning
 B - a plain deck of summoning {drawn: 1}


   Skills:
 * Level 3.5 Fighting
 + Level 3.2 Short Blades
 * Level 4.0 Dodging
 + Level 9.8 Stealth
 + Level 3.4 Spellcasting
 + Level 6.2 Hexes
 + Level 2.4 Ice Magic
 * Level 1.4 Invocations
 + Level 0.3 Evocations


You had 4 spell levels left.
You knew the following spells:

 Your Spells              Type           Power        Failure   Level  Hunger
a - Corona                Hex            ###....      1%          1    None
b - Ensorcelled Hibernat  Hex/Ice        ###...       4%          2    ##.....
c - Confuse               Hex            ###.....     3%          3    ###....
d - Tukima's Dance        Hex            ###.....     3%          3    ###....

Your spell library contained the following spells:

 Spells                   Type           Power        Failure   Level  Hunger
 Dazzling Spray           Conj/Hex       ##....       14%         3    ###....


Dungeon Overview and Level Annotations

Branches:
Dungeon (8/15)             Temple (1/1) D:5            Lair (0/6) D:8

Altars:
Elyvilon
Fedhas
Gozag
Hepliaklqana
Kikubaaqudgha
Makhleb
Nemelex Xobeh
Okawaru
Ru
Sif Muna
Uskayaw
Vehumet
Wu Jian
Xom
Yredelemnul
Zin
The Shining One

Shops:
D:5 :

Annotations:
D:3 3 runed doors, Grinder; MalarOregon's ghost, amateur MfIE; Robin; shakethe's ghost, amateur DsGl
D:6 3 runed doors, Rwicked's ghost, novice DEFE


Innate Abilities, Weirdness & Mutations

You do not heal naturally.
You are immune to poison.
You have razor-sharp teeth.
You have supernaturally acute eyesight. (SInv)
You can survive without breathing.


Message History

Two of your 12 potions of blood rot away.
Your magical contamination has completely faded away.
A shadow imp comes into view.
Nemelex Xobeh grants you a gift! Something appears at your feet!
Found a ration.
You see here a plain deck of summoning.
B - a plain deck of summoning Evoke which item? (* to show all) (? for menu, Esc to quit)
You draw a card...
It is the Pentagram.
Press: ? - help, v - describe, . - travel
Here: a rakshasa, wielding an enchanted long sword and wearing a robe The floor.
Your rakshasa hits the soul eater with an enchanted long sword!
The soul eater hits you.
The shadow imp hits the plant.
Your rakshasa hits the soul eater with an enchanted long sword!!
The soul eater hits you!!
You die...
Your body disappears without a glow.
PP.

...PP ♣.. ♣..P♣ %#
♣P.P ♣...♣ P..
♣♣...♣♣♣P..♣♣♣...
..P....PP....P...
..........."....
.P.....5PRP.P......#
♣♣...♣♣♣3.P♣♣♣P....#
♣.. ♣P@.♣ ♣.....#
♣P..♣♣♣P..♣♣♣P....#
.P.PPP....P.......#
..................#
......##........(.#
.....# #..........#
##### ###'########
#.# #.#


You could see a soul eater, a shadow imp and a friendly rakshasa.

Vanquished Creatures
  2 ogres
  A sky beast (D:6)
  A necrophage (D:5)
  A phantom (D:4)
  A centaur (D:5)
  A scorpion (D:2)
  4 wights (D:6)
  A jelly (D:5)
  3 iguanas
  An orc wizard (D:5)
  8 worker ants
  A worker ant zombie (D:5)
  2 gnolls
  5 adders
  A shadow imp (D:5)
  An ooze (D:2)
  An adder zombie (D:5)
  2 worms
  3 dart slugs
  7 leopard geckos
  5 orcs
  3 ball pythons
  12 bats
  2 giant cockroaches
  8 goblins
  3 hobgoblins (D:1)
  11 jackals
  10 kobolds
  5 quokkas
  A frilled lizard (D:5)
  A jackal skeleton (D:4)
  6 rats
114 creatures vanquished.

Vanquished Creatures (collateral kills)
  An orc priest (D:5)
  An orc wizard (D:5)
2 creatures vanquished.

Grand Total: 116 creatures vanquished

Notes
Turn   | Place    | Note
-------+----------+-------------------------------------------
     0 | D:1      | video the Vampire Enchanter began the quest for the Orb.
     0 | D:1      | Reached XP level 1. HP: 13/13 MP: 3/3
    39 | D:1      | Reached skill level 5 in Stealth
    39 | D:1      | Reached XP level 2. HP: 19/20 MP: 5/5
   314 | D:1      | Learned a level 2 spell: Ensorcelled Hibernation
   365 | D:1      | Reached XP level 3. HP: 25/25 MP: 3/6
   387 | D:1      | Reached skill level 5 in Hexes
  1294 | D:2      | Reached skill level 1 in Fighting
  1347 | D:2      | Reached XP level 4. HP: 32/32 MP: 7/7
  1395 | D:2      | Reached skill level 6 in Stealth
  1670 | D:2      | Reached XP level 5. HP: 37/37 MP: 8/8
  2017 | D:3      | Found a runed gate.
  2017 | D:3      | Found a runed gate.
  2017 | D:3      | Found a runed gate.
  2021 | D:3      | Noticed shakethe's ghost (amateur DsGl)
  2022 | D:3      | Noticed MalarOregon's ghost (amateur MfIE)
  2152 | D:3      | Noticed Robin
  2180 | D:3      | Noticed Grinder
  2199 | D:3      | Paralysed by Grinder for 3 turns
  2305 | D:3      | Learned a level 3 spell: Confuse
  2431 | D:3      | Reached skill level 1 in Ice Magic
  2441 | D:3      | Found a glowing drain.
  2455 | Sewer    | Entered a sewer
  2578 | Sewer    | Noticed Purgy
  2700 | D:4      | Reached skill level 7 in Stealth
  2740 | D:4      | Reached XP level 6. HP: 35/44 MP: 6/9
  3007 | D:4      | Reached skill level 8 in Stealth
  3237 | D:4      | Noticed an orc warrior
  3322 | D:5      | Entered Level 5 of the Dungeon
  3485 | D:5      | Reached XP level 7. HP: 51/51 MP: 11/11
  3525 | D:5      | Found Ilajikod's Book Shop.
  3861 | D:5      | Found a staircase to the Ecumenical Temple.
  3870 | Temple   | Entered the Ecumenical Temple
  4031 | D:5      | You fall through a shaft for 3 floors!
  4054 | D:8      | Found a staircase to the Lair.
  4464 | D:5      | Found a faded altar of an unknown god.
  4464 | D:5      | Found an ancient bone altar of Kikubaaqudgha.
  4469 | D:5      | Found a faded altar of an unknown god.
  4475 | D:5      | Found a hide-covered altar of Uskayaw.
  4476 | D:5      | Found a white marble altar of Elyvilon.
  4711 | D:5      | Learned a level 3 spell: Tukima's Dance
  4752 | D:5      | Became a worshipper of Nemelex Xobeh the Trickster
  4752 | D:5      | Received a gift from Nemelex Xobeh
  4752 | D:5      | Reached * piety under Nemelex Xobeh
  5187 | D:6      | Reached skill level 9 in Stealth
  5278 | D:6      | Found a runed gate.
  5278 | D:6      | Found a runed gate.
  5278 | D:6      | Found a runed gate.
  5278 | D:6      | Received a gift from Nemelex Xobeh
  5282 | D:6      | Noticed Rwicked's ghost (novice DEFE)
  5335 | D:6      | Reached XP level 8. HP: 48/58 MP: 13/13
  5343 | D:6      | Reached skill level 1 in Invocations
  5565 | D:6      | Received a gift from Nemelex Xobeh
  5626 | D:6      | Reached ** piety under Nemelex Xobeh
  5812 | D:7      | Received a gift from Nemelex Xobeh
  5816 | D:7      | Noticed a soul eater
  5820 | D:7      | Slain by a soul eater

Skill      XL: |  1  2  3  4  5  6  7  8 |
---------------+-------------------------+-----
Stealth        | 5 6 7 8 9 |  9.8
Hexes          | 5 6 |  6.2
Fighting       | 1 2 3 |  3.5
Ice Magic      | 1 2 |  2.4
Short Blades   | 2 3 |  3.2
Dodging        | 3 4 |  4.0
Spellcasting   | 3 |  3.4
Invocations    | 1 |  1.4
Evocations     | |  0.3

Action                   |  1- 3 |  4- 6 |  7- 9 || total
-------------------------+-------+-------+-------++-------
Melee: Dagger            |   109 |   114 |    95 ||   318
       Bite              |     3 |     8 |     7 ||    18
       Unarmed           |       |     1 |     2 ||     3
 Cast: Ensorcelled Hiber |    12 |    38 |    20 ||    70
 Abil: End Transformatio |     1 |     5 |     1 ||     7
       Bat Form          |     1 |     5 |     1 ||     7
Evoke: Wand              |       |     1 |     6 ||     7
       Deck              |       |       |     6 ||     6
  Use: Scroll            |     1 |     8 |     4 ||    13
       Potion            |     2 |     1 |       ||     3
 Stab: Sleeping          |    21 |    40 |    23 ||    84
       Paralysed         |       |     1 |     3 ||     4
Armor: Robe              |    20 |    16 |     8 ||    44
Dodge: Dodged            |    64 |    81 |    62 ||   207
